| TOP OF THE 1ST |
|
Albuquerque Dukes batting - Pitching for Dallas-Fort Worth Rangers : LHP Manny Sandate
|
|
Pitching: LHP Manny Sandate
|
|
|
Batting: RHB Kevin Harvey
|
0-0: Ball 1-0: Ground out 5-3 (Groundball, 56, EV 102.5 MPH)
|
|
Batting: RHB Steven Patterson
|
0-0: Called Strike 0-1: Fly out, F9 (Flyball, 89S, EV 91.9 MPH)
|
|
Batting: RHB James Oros
|
0-0: Called Strike 0-1: Ball 1-1: Ball 2-1: Swinging Strike 2-2: Ball 3-2: Base on Balls
|
|
Batting: RHB Mark Maher
|
0-0: Foul Ball, location: 2F 0-1: Ball 1-1: Foul Ball, location: 2F 1-2: SINGLE (Groundball, 34D, EV 103.1 MPH) James Oros to second Runner from 2nd tries for 3rd, SAFE, throw by RF made to third
|
|
Batting: LHB Sal Rende
|
0-0: Called Strike 0-1: Swinging Strike 0-2: Ball 1-2: Foul Ball, location: 2F 1-2: Foul Ball, location: 2F 1-2: Fly out, F8 (Line Drive, 8LM, EV 90.0 MPH)
|
| Top of the 1st over - 0 runs, 1 hit, 0 errors, 2 left on base; Albuquerque 0 - Dallas-Fort Worth 0 |
| BOTTOM OF THE 1ST |
|
Dallas-Fort Worth Rangers batting - Pitching for Albuquerque Dukes : RHP Steve Walker
|
|
Pitching: RHP Steve Walker
|
|
|
Batting: RHB Phil Bradley
|
0-0: Ball 1-0: Ball 2-0: Ground out U3 (Groundball, 34S, EV 84.4 MPH)
|
|
Batting: LHB Stan Levi
|
0-0: Foul Ball, location: 2F 0-1: SOLO HOME RUN (Flyball, 9D, EV 100.6 MPH), Distance : 349 ft
|
|
Batting: RHB Terry Lee
|
0-0: Called Strike 0-1: Ball 1-1: Foul Ball, location: 2F 1-2: Strikes out swinging
|
|
Batting: LHB Mo Ching
|
0-0: Ball 1-0: Ball 2-0: Foul Ball, location: 2F 2-1: Ball 3-1: Base on Balls
|
|
Batting: RHB Dave Aponte
|
0-0: Called Strike 0-1: Called Strike 0-2: Ball 1-2: Fielders Choice at 2nd, 5-4 (Groundball, 5, EV 110.6 MPH)
|
| Bottom of the 1st over - 1 run, 1 hit, 0 errors, 1 left on base; Albuquerque 0 - Dallas-Fort Worth 1 |
| TOP OF THE 2ND |
|
Albuquerque Dukes batting - Pitching for Dallas-Fort Worth Rangers : LHP Manny Sandate
|
|
Batting: LHB Andres Romero
|
0-0: Ball 1-0: Ball 2-0: Called Strike 2-1: Foul Ball, location: 2F 2-2: Ball 3-2: Foul Ball, location: 2F 3-2: Base on Balls
|
|
Batting: LHB John Elder
|
0-0: Ball 1-0: Ball 2-0: Foul Ball, location: 2F 2-1: Ball 3-1: Fielders Choice at 2nd, 6-4 (Groundball, 6M, EV 84.4 MPH)
|
|
Batting: LHB Matthew Henderson
|
0-0: SINGLE (Flyball, 78M, EV 95.6 MPH) John Elder to second
|
|
Batting: LHB Rodney Kemp
|
0-0: Ball 1-0: Called Strike 1-1: Fly out, F9 (Line Drive, 9, EV 93.1 MPH)
|
|
Batting: RHB Kevin Harvey
|
0-0: Foul Ball, location: 2F 0-1: Foul Ball, location: 2F 0-2: Ball 1-2: Ball 2-2: Fly out, F6 (Line Drive, 6, EV 67.5 MPH)
|
| Top of the 2nd over - 0 runs, 1 hit, 0 errors, 2 left on base; Albuquerque 0 - Dallas-Fort Worth 1 |
| BOTTOM OF THE 2ND |
|
Dallas-Fort Worth Rangers batting - Pitching for Albuquerque Dukes : RHP Steve Walker
|
|
Batting: LHB Garcia Gutierrez
|
0-0: Ball 1-0: SINGLE (Groundball, 6S, EV 66.3 MPH) (infield hit)
|
|
Batting: LHB Daryl Fazzio
|
0-0: Called Strike 0-1: Ball 1-1: Ball 2-1: Swinging Strike 2-2: Ball 3-2: Base on Balls Garcia Gutierrez to second
|
|
Batting: RHB Ross Jones
|
0-0: Ball 1-0: Ball 2-0: Ball 3-0: Called Strike 3-1: Foul Ball, location: 2F 3-2: Foul Ball, location: 2F 3-2: Fly out, F9 (Line Drive, 9, EV 98.8 MPH)
|
|
Batting: RHB Alex Zermeno
|
0-0: Ball 1-0: Ball 2-0: Foul Ball, location: 2F 2-1: Swinging Strike 2-2: Strikes out looking
|
|
Batting: RHB Phil Bradley
|
0-0: Called Strike 0-1: Fly out, F8 (Flyball, 89D, EV 81.9 MPH)
|
| Bottom of the 2nd over - 0 runs, 1 hit, 0 errors, 2 left on base; Albuquerque 0 - Dallas-Fort Worth 1 |
| TOP OF THE 3RD |
|
Albuquerque Dukes batting - Pitching for Dallas-Fort Worth Rangers : LHP Manny Sandate
|
|
Batting: RHB Steven Patterson
|
0-0: Foul Ball, location: 2F 0-1: Called Strike 0-2: Ball 1-2: SINGLE (Groundball, 6D, EV 100.0 MPH)
|
|
Batting: RHB James Oros
|
0-0: Ball 1-0: Ball 2-0: Called Strike 2-1: Ball 3-1: Foul Ball, location: 2F 3-2: Fly out, F9 (Flyball, 9S, EV 86.3 MPH)
|
|
Batting: RHB Mark Maher
|
0-0: Swinging Strike 0-1: Ball Passed Ball! Steven Patterson to second 1-1: SINGLE (Line Drive, 9S, EV 110.6 MPH) Steven Patterson to third
|
|
Batting: LHB Sal Rende
|
0-0: Called Strike 0-1: Swinging Strike 0-2: Ball 1-2: Foul Ball, location: 2F 1-2: Ball 2-2: Grounds into double play, 4-6-3 (Groundball, 4, EV 105.0 MPH)
|
| Top of the 3rd over - 0 runs, 2 hits, 0 errors, 1 left on base; Albuquerque 0 - Dallas-Fort Worth 1 |
| BOTTOM OF THE 3RD |
|
Dallas-Fort Worth Rangers batting - Pitching for Albuquerque Dukes : RHP Steve Walker
|
|
Batting: LHB Stan Levi
|
0-0: Foul Ball, location: 2F 0-1: Ball 1-1: DOUBLE (Line Drive, 7LS, EV 112.5 MPH)
|
|
Batting: RHB Terry Lee
|
0-0: Ball 1-0: Ground out 5-3 (Groundball, 56, EV 104.4 MPH)
|
|
Batting: LHB Mo Ching
|
0-0: Ball 1-0: Called Strike 1-1: Foul Ball, location: 2F 1-2: Ball 2-2: DOUBLE (Line Drive, 78M, EV 112.5 MPH) Stan Levi scores
|
|
Batting: RHB Dave Aponte
|
0-0: Called Strike 0-1: Ball 1-1: Foul Ball, location: 2F 1-2: Foul Ball, location: 2F 1-2: Ball 2-2: DOUBLE (Groundball, 5L, EV 101.9 MPH) Mo Ching scores
|
|
Batting: LHB Garcia Gutierrez
|
0-0: Ball 1-0: Fly out, F6 (Popup, 56, EV 68.1 MPH)
|
|
Batting: LHB Daryl Fazzio
|
0-0: Ball 1-0: Ball 2-0: Ball 3-0: Base on Balls
|
|
Batting: RHB Ross Jones
|
0-0: Ball 1-0: Foul Ball, location: 2F 1-1: Fly out, F4 (Flyball, 34D, EV 92.5 MPH)
|
| Bottom of the 3rd over - 2 runs, 3 hits, 0 errors, 2 left on base; Albuquerque 0 - Dallas-Fort Worth 3 |
| TOP OF THE 4TH |
|
Albuquerque Dukes batting - Pitching for Dallas-Fort Worth Rangers : LHP Manny Sandate
|
|
Batting: LHB Andres Romero
|
0-0: Called Strike 0-1: Ball 1-1: Foul Ball, location: 2F 1-2: Strikes out swinging
|
|
Batting: LHB John Elder
|
0-0: Ball 1-0: Called Strike 1-1: Swinging Strike 1-2: Strikes out swinging
|
|
Batting: LHB Matthew Henderson
|
0-0: Ball 1-0: Foul Ball, location: 2F 1-1: Ball 2-1: Called Strike 2-2: Strikes out swinging
|
| Top of the 4th over - 0 runs, 0 hits, 0 errors, 0 left on base; Albuquerque 0 - Dallas-Fort Worth 3 |
| BOTTOM OF THE 4TH |
|
Dallas-Fort Worth Rangers batting - Pitching for Albuquerque Dukes : RHP Steve Walker
|
|
Batting: RHB Alex Zermeno
|
0-0: Ground out 1-3 (Groundball, 15S, EV 74.4 MPH)
|
|
Batting: RHB Phil Bradley
|
0-0: Ball 1-0: Ball 2-0: Fly out, F8 (Flyball, 8LD, EV 98.8 MPH)
|
|
Batting: LHB Stan Levi
|
0-0: Foul Ball, location: 2F 0-1: Fly out, F8 (Line Drive, 8LD, EV 100.6 MPH)
|
| Bottom of the 4th over - 0 runs, 0 hits, 0 errors, 0 left on base; Albuquerque 0 - Dallas-Fort Worth 3 |
| TOP OF THE 5TH |
|
Albuquerque Dukes batting - Pitching for Dallas-Fort Worth Rangers : LHP Manny Sandate
|
|
Batting: LHB Rodney Kemp
|
0-0: Hit by Pitch
|
|
Batting: RHB Kevin Harvey
|
0-0: Bunted foul 0-1: Bunt missed! 0-2: Ball 1-2: Foul Ball, location: 2F 1-2: Ball 2-2: DOUBLE (Flyball, 8LD, EV 86.3 MPH) Rodney Kemp to third
|
|
Batting: RHB Steven Patterson
|
0-0: Ball 1-0: Swinging Strike 1-1: Ball Wild Pitch! Rodney Kemp scores Kevin Harvey to third 2-1: Foul Ball, location: 2F 2-2: Ball 3-2: DOUBLE (Line Drive, 8RD, EV 108.8 MPH) Kevin Harvey scores
|
|
Batting: RHB James Oros
|
0-0: Called Strike 0-1: Reached on error, E6 (Groundball, 56, EV 83.1 MPH) Steven Patterson to third
|
|
Batting: RHB Mark Maher
|
0-0: Ball 1-0: Foul Ball, location: 2F 1-1: Foul Ball, location: 2F 1-2: SINGLE (Groundball, 3L, EV 98.1 MPH) Steven Patterson scores James Oros to second Runner from 2nd tries for 3rd, SAFE, throw by RF made to third
|
|
Batting: LHB Sal Rende
|
0-0: Foul Ball, location: 2F 0-1: Fly out, F7 (Flyball, 78D, EV 93.8 MPH) Runner from 3rd tags up, OUT at HOME! 7-2 Mark Maher to second
|
|
Batting: LHB Andres Romero
|
0-0: Foul Ball, location: 2F 0-1: Ball 1-1: DOUBLE (Groundball, 3L, EV 98.8 MPH) Mark Maher scores
|
|
Batting: LHB John Elder
|
0-0: Swinging Strike 0-1: Ball 1-1: Called Strike 1-2: Foul Ball, location: 2F 1-2: Foul Ball, location: 2F 1-2: Foul Ball, location: 2F 1-2: Ground out U3 (Groundball, 34S, EV 83.1 MPH)
|
| Top of the 5th over - 4 runs, 4 hits, 1 error, 1 left on base; Albuquerque 4 - Dallas-Fort Worth 3 |
| BOTTOM OF THE 5TH |
|
Dallas-Fort Worth Rangers batting - Pitching for Albuquerque Dukes : RHP Steve Walker
|
|
Batting: RHB Terry Lee
|
0-0: Foul Ball, location: 2F 0-1: Ball 1-1: Swinging Strike 1-2: Foul Ball, location: 2F 1-2: Foul Ball, location: 2F 1-2: Fly out, F8 (Flyball, 8RXD, EV 104.4 MPH)
|
|
Batting: LHB Mo Ching
|
0-0: Called Strike 0-1: Swinging Strike 0-2: Ball 1-2: Ground out 3-1 (Groundball, 34S, EV 81.9 MPH)
|
|
Batting: RHB Dave Aponte
|
0-0: Swinging Strike 0-1: Ball 1-1: DOUBLE (Line Drive, 89M, EV 109.4 MPH)
|
|
Batting: LHB Garcia Gutierrez
|
0-0: Called Strike 0-1: Ball 1-1: Ball 2-1: Ball 3-1: Fly out, F2 (Popup, 23F, EV 90.0 MPH)
|
| Bottom of the 5th over - 0 runs, 1 hit, 0 errors, 1 left on base; Albuquerque 4 - Dallas-Fort Worth 3 |
| TOP OF THE 6TH |
|
Albuquerque Dukes batting - Pitching for Dallas-Fort Worth Rangers : LHP Manny Sandate
|
|
Batting: LHB Matthew Henderson
|
0-0: Ball 1-0: Ball 2-0: Called Strike 2-1: Called Strike 2-2: Ground out 5-3 (Groundball, 5L, EV 75.6 MPH)
|
|
Batting: LHB Rodney Kemp
|
0-0: Foul Ball, location: 2F 0-1: Ball 1-1: Foul Ball, location: 2F 1-2: Ball 2-2: Ball 3-2: Strikes out swinging
|
|
Batting: RHB Kevin Harvey
|
0-0: Foul Ball, location: 2F 0-1: Foul Ball, location: 2F 0-2: Ball 1-2: Ball 2-2: Ball 3-2: Ground out 6-3 (Groundball, P, EV 88.1 MPH)
|
| Top of the 6th over - 0 runs, 0 hits, 0 errors, 0 left on base; Albuquerque 4 - Dallas-Fort Worth 3 |
| BOTTOM OF THE 6TH |
|
Dallas-Fort Worth Rangers batting - Pitching for Albuquerque Dukes : RHP Steve Walker
|
|
Batting: LHB Daryl Fazzio
|
0-0: Ball 1-0: Ball 2-0: Ball 3-0: Called Strike 3-1: SINGLE (Groundball, 34D, EV 100.6 MPH)
|
|
Batting: RHB Ross Jones
|
0-0: Bunt missed! 0-1: Sac Bunt to 15S - play at first, batter OUT! 1-4 Daryl Fazzio to second
|
|
Batting: RHB Alex Zermeno
|
0-0: SINGLE (Line Drive, 89M, EV 98.8 MPH) Daryl Fazzio to third Runner from 3rd tries for Home, SAFE, throw by RF to home Alex Zermeno to second
|
|
Batting: RHB Phil Bradley
|
0-0: Ball 1-0: Foul Ball, location: 2F 1-1: Foul Ball, location: 2F 1-2: Ball 2-2: Ball 3-2: Fly out, F8 (Flyball, 89D, EV 91.9 MPH) Runner from 2nd tags up, SAFE at 3rd, no throw by CF
|
|
Batting: LHB Stan Levi
|
0-0: Ball 1-0: Ball 2-0: Called Strike 2-1: Foul Ball, location: 2F 2-2: Fly out, F8 (Flyball, 8LM, EV 85.6 MPH)
|
| Bottom of the 6th over - 1 run, 2 hits, 0 errors, 1 left on base; Albuquerque 4 - Dallas-Fort Worth 4 |
| TOP OF THE 7TH |
|
Albuquerque Dukes batting - Pitching for Dallas-Fort Worth Rangers : LHP Manny Sandate
|
|
Pitching: RHP Randy McGilberry
|
|
|
Batting: RHB Steven Patterson
|
0-0: Called Strike 0-1: Foul Ball, location: 2F 0-2: Foul Ball, location: 2F 0-2: Ground out 6-3 (Groundball, 56, EV 108.1 MPH)
|
|
Batting: RHB James Oros
|
0-0: Ball 1-0: Called Strike 1-1: SINGLE (Flyball, 6D, EV 84.4 MPH)
|
|
Batting: RHB Mark Maher
|
0-0: Called Strike 0-1: Ball 1-1: Grounds into double play, 5-4-3 (Groundball, 5D, EV 104.4 MPH)
|
| Top of the 7th over - 0 runs, 1 hit, 0 errors, 0 left on base; Albuquerque 4 - Dallas-Fort Worth 4 |
| BOTTOM OF THE 7TH |
|
Dallas-Fort Worth Rangers batting - Pitching for Albuquerque Dukes : RHP Steve Walker
|
|
Batting: RHB Terry Lee
|
0-0: Ball 1-0: Ball 2-0: SINGLE (Flyball, 56D, EV 91.3 MPH)
|
|
Batting: LHB Mo Ching
|
0-0: DOUBLE (Flyball, 8LXD, EV 108.1 MPH) Terry Lee to third Runner from 3rd tries for Home, SAFE, no throw by CF
|
|
Pitching: LHP Tom Chevolek
|
|
|
Batting: RHB Dave Aponte
|
0-0: Ball 1-0: Swinging Strike 1-1: Foul Ball, location: 2F 1-2: Ball 2-2: Ball 3-2: Foul Ball, location: 2F 3-2: Strikes out swinging
|
|
Batting: LHB Garcia Gutierrez
|
0-0: Called Strike 0-1: Foul Ball, location: 2F 0-2: Ball 1-2: Fly out, F6 (Line Drive, 6, EV 68.8 MPH) Lined into DP, 6-4 (Line Drive, 6, EV 65.0 MPH)
|
| Bottom of the 7th over - 1 run, 2 hits, 0 errors, 0 left on base; Albuquerque 4 - Dallas-Fort Worth 5 |
| TOP OF THE 8TH |
|
Albuquerque Dukes batting - Pitching for Dallas-Fort Worth Rangers : RHP Randy McGilberry
|
|
Batting: LHB Sal Rende
|
0-0: Ball 1-0: Called Strike 1-1: Swinging Strike 1-2: Foul Ball, location: 2F 1-2: SOLO HOME RUN (Flyball, 9D, EV 101.3 MPH), Distance : 359 ft
|
|
Batting: LHB Andres Romero
|
0-0: Ball 1-0: Ball 2-0: Ball 3-0: Called Strike 3-1: Foul Ball, location: 2F 3-2: Ground out 4-3 (Groundball, 34, EV 108.1 MPH)
|
|
Batting: LHB John Elder
|
0-0: Called Strike 0-1: Ball 1-1: Ball 2-1: SINGLE (Groundball, 4MD, EV 94.4 MPH)
|
|
Batting: LHB Matthew Henderson
|
0-0: Called Strike 0-1: Called Strike 0-2: Ball Passed Ball! John Elder to second 1-2: Ball 2-2: Ball 3-2: Intentional Walk
|
|
Batting: LHB Rodney Kemp
|
0-0: Called Strike 0-1: Foul Ball, location: 2F 0-2: Ball 1-2: Ball 2-2: Fly out, F9 (Line Drive, 9, EV 90.6 MPH)
|
|
Batting: RHB Kevin Harvey
|
0-0: Foul Ball, location: 2F 0-1: Ball 1-1: Fielders Choice at 2nd, 5-4 (Groundball, 5, EV 101.3 MPH)
|
| Top of the 8th over - 1 run, 2 hits, 0 errors, 2 left on base; Albuquerque 5 - Dallas-Fort Worth 5 |
| BOTTOM OF THE 8TH |
|
Dallas-Fort Worth Rangers batting - Pitching for Albuquerque Dukes : LHP Tom Chevolek
|
|
Batting: LHB Daryl Fazzio
|
0-0: Ball 1-0: Ball 2-0: Called Strike 2-1: Ground out U3 (Groundball, 3, EV 94.4 MPH)
|
|
Batting: RHB Ross Jones
|
0-0: Called Strike 0-1: SINGLE (Groundball, 56D, EV 98.8 MPH)
|
|
Batting: RHB Alex Zermeno
|
0-0: Called Strike 0-1: Ball 1-1: Bunt missed! 1-2: Ball 2-2: Fly out, F9 (Flyball, 89M, EV 82.5 MPH)
|
|
Batting: RHB Phil Bradley
|
0-0: Ball 1-0: Called Strike 1-1: Foul Ball, location: 2F 1-2: Ball 2-2: Foul Ball, location: 2F 2-2: Fly out, F8 (Flyball, 89S, EV 95.6 MPH)
|
| Bottom of the 8th over - 0 runs, 1 hit, 0 errors, 1 left on base; Albuquerque 5 - Dallas-Fort Worth 5 |
| TOP OF THE 9TH |
|
Albuquerque Dukes batting - Pitching for Dallas-Fort Worth Rangers : RHP Randy McGilberry
|
|
Pitching: RHP Luis Cardenas
|
|
|
Pinch Hitting: LHB Dave Yobs
|
0-0: Swinging Strike 0-1: Foul Ball, location: 2F 0-2: Strikes out swinging
|
|
Batting: RHB James Oros
|
0-0: Swinging Strike 0-1: Ball 1-1: Ball 2-1: SINGLE (Line Drive, 78M, EV 91.9 MPH)
|
|
Batting: RHB Mark Maher
|
0-0: Called Strike 0-1: Ball 1-1: Fly out, F9 (Flyball, 9LS, EV 81.3 MPH)
|
|
Batting: LHB Sal Rende
|
0-0: Ground out 6-3 (Groundball, 4MS, EV 67.5 MPH)
|
| Top of the 9th over - 0 runs, 1 hit, 0 errors, 1 left on base; Albuquerque 5 - Dallas-Fort Worth 5 |
| BOTTOM OF THE 9TH |
|
Dallas-Fort Worth Rangers batting - Pitching for Albuquerque Dukes : LHP Tom Chevolek
|
|
Now at 2B: Thomas Steinmetz
|
|
|
Batting: LHB Stan Levi
|
0-0: Fly out, F7 (Flyball, 7LM, EV 98.8 MPH)
|
|
Batting: RHB Terry Lee
|
0-0: Called Strike 0-1: Ball 1-1: Hit by Pitch
|
|
Batting: RHB Jesse Plummer
|
0-0: Ball 1-0: Ball 2-0: Foul Ball, location: 2F 2-1: Ball 3-1: Called Strike 3-2: Fly out, F8 (Line Drive, 8LM, EV 93.8 MPH)
|
|
Batting: RHB Dave Aponte
|
0-0: Swinging Strike 0-1: Fly out, F9 (Flyball, 9LS, EV 86.3 MPH)
|
| Bottom of the 9th over - 0 runs, 0 hits, 0 errors, 1 left on base; Albuquerque 5 - Dallas-Fort Worth 5 |
| TOP OF THE 10TH |
|
Albuquerque Dukes batting - Pitching for Dallas-Fort Worth Rangers : RHP Luis Cardenas
|
|
Batting: LHB Andres Romero
|
0-0: Ball 1-0: SOLO HOME RUN (Flyball, 9LD, EV 95.0 MPH), Distance : 350 ft
|
|
Batting: LHB John Elder
|
0-0: Ball 1-0: Ball 2-0: SOLO HOME RUN (Flyball, 7LD, EV 108.1 MPH), Distance : 344 ft
|
|
Batting: LHB Matthew Henderson
|
0-0: Called Strike 0-1: Foul Ball, location: 2F 0-2: Hit by Pitch
|
|
Batting: LHB Rodney Kemp
|
0-0: Ball 1-0: Called Strike Matthew Henderson steals 2nd base 1-1: Intentional Walk
|
|
Batting: RHB Kevin Harvey
|
0-0: Ball 1-0: Bunted foul 1-1: Bunt missed! 1-2: Fielders Choice at 2nd, 6-4 (Groundball, 6, EV 93.1 MPH) Matthew Henderson to third
|
|
Batting: RHB Thomas Steinmetz
|
0-0: Ball 1-0: Ball 2-0: Fly out, F7 (Flyball, 7, EV 91.3 MPH) Runner from 3rd tags up, OUT at HOME! 7-2
|
| Top of the 10th over - 2 runs, 2 hits, 0 errors, 1 left on base; Albuquerque 7 - Dallas-Fort Worth 5 |
| BOTTOM OF THE 10TH |
|
Dallas-Fort Worth Rangers batting - Pitching for Albuquerque Dukes : LHP Tom Chevolek
|
|
Pitching: RHP James Quinn
|
|
|
Batting: LHB Garcia Gutierrez
|
0-0: Foul Ball, location: 2F 0-1: Ball 1-1: SINGLE (Line Drive, 4MD, EV 99.4 MPH)
|
|
Batting: LHB Daryl Fazzio
|
0-0: Ball 1-0: Foul Ball, location: 2F 1-1: Ball 2-1: Ball 3-1: Called Strike 3-2: Foul Ball, location: 2F 3-2: Grounds into double play, 4-6-3 (Groundball, 4S, EV 84.4 MPH)
|
|
Batting: RHB Ross Jones
|
0-0: Foul Ball, location: 2F 0-1: Ball 1-1: Ball 2-1: Swinging Strike 2-2: Foul Ball, location: 2F 2-2: Ball 3-2: Foul Ball, location: 2F 3-2: Base on Balls
|
|
Pinch Hitting: LHB Timothy Roche
|
0-0: Called Strike 0-1: Swinging Strike 0-2: Ball 1-2: Ball 2-2: Foul Ball, location: 2F 2-2: Ball 3-2: DOUBLE (Line Drive, 89XD, EV 108.8 MPH) Ross Jones to third Ross Jones scores
|
|
Batting: RHB Phil Bradley
|
0-0: Foul Ball, location: 2F 0-1: Ground out 5-3 (Groundball, 56S, EV 88.8 MPH)
|
| Bottom of the 10th over - 1 run, 2 hits, 0 errors, 1 left on base; Albuquerque 7 - Dallas-Fort Worth 6 |
|